[Event "DSB-Frauenkader-Challenge 2021"]
[Site "Magdeburg"]
[Date "2021.04.05"]
[Round "1.1"]
[White "Bashylina, Luisa"]
[Black "Sieber, Fiona"]
[Result "0-1"]
[ECO "C45"]
[WhiteElo "1978"]
[BlackElo "2275"]
[Annotator "ChessBase"]
[PlyCount "118"]
[EventDate "2021.03.30"]
[EventType "tourn"]
[EventCountry "GER"]
[SourceTitle "playchess.com"]
[Source "ChessBase"]
[SourceQuality "1"]
[TimeControl "40/5400+30:1800+30"]

1. e4 e5 2. Nf3 Nc6 3. d4 exd4 4. Nxd4 Bc5 5. Be3 Qf6 6. c3 Nge7 7. Bc4 O-O 8. O-O Qg6 9. f3 Bxd4 10. cxd4 d5 11. Bd3 Nb4 12. Nc3 Bh3 13. Rf2 Nxd3 14. Qxd3 Rad8 15. Rd1 Rfe8 16. Kh1 Bc8 17. Nb5 c6 18. Nc3 Be6 19. b3 Nc8 20. e5 Qxd3 21. Rxd3 f6 22. f4 Bf5 23. Rd1 Kf7 24. h3 h5 25. Na4 Nd6 26. Nc3 Bc8 27. Re2 Nf5 28. Bf2 h4 29. Kh2 b6 30. Rde1 Ba6 31. Rd2 Re6 32. Rdd1 Bb7 33. b4 Ba6 34. a3 Bc4 35. exf6 gxf6 36. Rxe6 Kxe6 37. Re1+ Kf7 38. Nb1 Bd3 39. Nd2 Rg8 40. Kg1 Rh8 41. Kh2 Nd6 42. Nf3 Nc4 43. Nxh4 Be4 44. a4 Nb2 45. g3 Nd3 46. Re2 Nxb4 47. f5 a5 48. Ng6 Rc8 49. g4 b5 50. Be1 bxa4 51. Bc3 a3 52. h4 Nc2 53. h5 Kg7 54. g5 fxg5 55. Rf2 Kf6 56. h6 Ne3 57. Ne5 Rh8 58. Ra2 Rxh6+ 59. Kg3 Nxf5+ 0-1

[Event "DSB-Frauenkader-Challenge 2021"]
[Site "Magdeburg"]
[Date "2021.04.05"]
[Round "1.2"]
[White "Schneider, Jana"]
[Black "Lubbe, Melanie"]
[Result "1-0"]
[ECO "B33"]
[WhiteElo "2272"]
[BlackElo "2274"]
[Annotator "ChessBase"]
[PlyCount "105"]
[EventDate "2021.03.30"]
[EventType "tourn"]
[EventCountry "GER"]
[SourceTitle "playchess.com"]
[Source "ChessBase"]
[SourceQuality "1"]
[TimeControl "40/5400+30:1800+30"]

1. e4 c5 2. Nf3 Nc6 3. d4 cxd4 4. Nxd4 Nf6 5. Nc3 e5 6. Ndb5 d6 7. Bg5 a6 8. Na3 b5 9. Nd5 Be7 10. Bxf6 Bxf6 11. c4 b4 12. Nc2 O-O 13. Qf3 Bg5 14. h4 Bh6 15. g3 f5 16. Bh3 g6 17. Ndxb4 Nxb4 18. Nxb4 fxe4 19. Qxe4 Qb6 20. Nd3 Bb7 21. Be6+ Kh8 22. Bd5 Bxd5 23. cxd5 Qa5+ 24. Kf1 Rf6 25. h5 Raf8 26. hxg6 Rxg6 27. Kg2 Qd2 28. Rae1 Rgf6 29. Re2 Qg5 30. Rc2 Qg7 31. Rh5 Qf7 32. Qh4 Qg6 33. Rc3 e4 34. Rxh6 Qxh6 35. Qxe4 Qg7 36. Rc6 a5 37. Ra6 Qf7 38. Nf4 Qb7 39. Rxa5 Qb6 40. Ra3 Rg8 41. b4 Rgf8 42. Rc3 Qa7 43. b5 Rf5 44. Rc2 Re5 45. Qc4 Qa5 46. Ne6 Rg8 47. a4 Qa8 48. Nf4 Qd8 49. Qd4 Qf6 50. b6 h5 51. b7 h4 52. Rc8 h3+ 53. Nxh3 1-0

[Event "DSB-Frauenkader-Challenge 2021"]
[Site "Magdeburg"]
[Date "2021.04.05"]
[Round "1.3"]
[White "Muetsch, Annmarie"]
[Black "Paehtz, Elisabeth"]
[Result "0-1"]
[ECO "C54"]
[WhiteElo "2266"]
[BlackElo "2467"]
[Annotator "ChessBase"]
[PlyCount "76"]
[EventDate "2021.03.30"]
[EventType "tourn"]
[EventCountry "GER"]
[SourceTitle "playchess.com"]
[Source "ChessBase"]
[SourceQuality "1"]
[TimeControl "40/5400+30:1800+30"]

1. e4 e5 2. Nf3 Nc6 3. Bc4 Bc5 4. c3 Nf6 5. d3 a6 6. Nbd2 Ba7 7. O-O d6 8. Bb3 h6 9. h3 g5 10. Nc4 g4 11. hxg4 Bxg4 12. Be3 Rg8 13. Bxa7 Nxa7 14. Ne3 Qd7 15. d4 Nxe4 16. Re1 O-O-O 17. dxe5 Nd2 18. Qxd2 Bxf3 19. e6 fxe6 20. Qd4 Kb8 21. Qf6 Qc6 22. Bxe6 Rdf8 23. Qh4 Rg6 24. Bh3 Rfg8 25. g3 Qc5 26. Qf4 Bc6 27. Rad1 h5 28. Bg2 Rg5 29. Qd4 Qa5 30. a3 Bxg2 31. Kxg2 Nc6 32. Qe4 Qb5 33. b4 Ne5 34. c4 Qa4 35. Ra1 h4 36. Nf5 hxg3 37. Nxg3 Rg4 38. Qh7 Qc6+ 0-1

[Event "DSB-Frauenkader-Challenge 2021"]
[Site "Magdeburg"]
[Date "2021.04.05"]
[Round "1.4"]
[White "Heinemann, Josefine"]
[Black "Ziegenfuss, Antonia"]
[Result "0-1"]
[ECO "B85"]
[WhiteElo "2296"]
[BlackElo "2101"]
[Annotator "ChessBase"]
[PlyCount "80"]
[EventDate "2021.03.30"]
[EventType "tourn"]
[EventCountry "GER"]
[SourceTitle "playchess.com"]
[Source "ChessBase"]
[SourceQuality "1"]
[TimeControl "40/5400+30:1800+30"]

1. e4 c5 2. Nf3 e6 3. d4 cxd4 4. Nxd4 Nc6 5. Nc3 Qc7 6. Be3 a6 7. Be2 Nf6 8. O-O Be7 9. f4 d6 10. Qe1 Nxd4 11. Bxd4 O-O 12. Qg3 b5 13. Kh1 Bb7 14. a3 Rad8 15. Rae1 Bc6 16. Bd3 g6 17. e5 dxe5 18. Bxe5 Qb7 19. Re2 Nh5 20. Qe3 f6 21. Bd4 e5 22. Bb6 Rb8 23. Ba5 Bd6 24. f5 Kg7 25. Ne4 Nf4 26. Rd2 Be7 27. Rff2 Rbc8 28. h3 gxf5 29. Ng3 Bc5 30. Nxf5+ Kh8 31. Qg3 Bxf2 32. Rxf2 Bxg2+ 33. Kh2 Rg8 34. Qh4 Rg5 35. Nd6 Qg7 36. Nxc8 Nxd3 37. Bd2 Rg6 38. Ne7 Qxe7 39. cxd3 Ba8 40. Qb4 Qg7 0-1

[Event "DSB-Frauenkader-Challenge 2021"]
[Site "Magdeburg"]
[Date "2021.04.06"]
[Round "2.1"]
[White "Sieber, Fiona"]
[Black "Ziegenfuss, Antonia"]
[Result "1/2-1/2"]
[ECO "B47"]
[WhiteElo "2275"]
[BlackElo "2101"]
[Annotator "NA"]
[PlyCount "113"]
[EventDate "2021.03.30"]
[EventType "tourn"]
[EventCountry "GER"]
[SourceTitle "playchess.com"]
[Source "ChessBase"]
[SourceQuality "1"]
[TimeControl "40/5400+30:1800+30"]

1. e4 c5 2. Nf3 e6 3. d4 cxd4 4. Nxd4 Nc6 5. Nc3 Qc7 6. g3 a6 7. Bg2 Nf6 8. O-O Nxd4 9. Qxd4 Bc5 10. Bf4 d6 11. Qd2 h6 12. Rad1 e5 13. Be3 Bb4 14. Nb5 axb5 15. Qxb4 Rxa2 16. Rxd6 O-O 17. Rd2 Be6 18. Bc5 Ra4 19. Qxb5 Ra5 20. Bb6 Rxb5 21. Bxc7 Rc8 22. Bd6 Rxb2 23. Bxe5 Rbxc2 24. Rxc2 Rxc2 25. Rb1 b5 26. Bxf6 gxf6 27. Bf1 Bc4 28. Kg2 Bxf1+ 29. Kxf1 Rc4 30. f3 b4 31. Rb3 Rc1+ 32. Kf2 Rc2+ 33. Ke3 Rxh2 34. Rxb4 h5 35. Rb5 Kg7 36. Kf4 Kg6 37. Rb6 Re2 38. Rb8 $11 Re1 39. Rh8 Re2 40. Rg8+ Kh7 41. Rd8 Kg6 42. Rd1 Ra2 43. Rg1 Ra5 44. Rd1 Ra2 45. Ke3 Rg2 46. Rd8 Kg7 47. Kf4 Kg6 48. g4 hxg4 49. Rg8+ Kh7 50. Rxg4 Ra2 51. Kf5 Ra6 52. Rg1 Rb6 53. Rg2 Ra6 54. Rg3 Rb6 55. Kf4 Rb5 56. Rg1 Kh6 57. Rg8 1/2-1/2

[Event "DSB-Frauenkader-Challenge 2021"]
[Site "Magdeburg"]
[Date "2021.04.06"]
[Round "2.2"]
[White "Paehtz, Elisabeth"]
[Black "Heinemann, Josefine"]
[Result "1/2-1/2"]
[ECO "A33"]
[WhiteElo "2467"]
[BlackElo "2296"]
[Annotator "ChessBase"]
[PlyCount "105"]
[EventDate "2021.03.30"]
[EventType "tourn"]
[EventCountry "GER"]
[SourceTitle "playchess.com"]
[Source "ChessBase"]
[SourceQuality "1"]
[TimeControl "40/5400+30:1800+30"]

1. Nf3 c5 2. c4 Nc6 3. d4 cxd4 4. Nxd4 Nf6 5. Nc3 e6 6. a3 Bc5 7. Nc2 O-O 8. b4 Bb6 9. Bf4 e5 10. Bg3 d6 11. e3 Be6 12. Be2 Rc8 13. Bh4 Nb8 14. Nd5 Bxd5 15. Bxf6 Qxf6 16. Qxd5 Nc6 17. Rd1 Rfd8 18. O-O Qe6 19. Qb5 Rd7 20. c5 dxc5 21. bxc5 Bd8 22. Rxd7 Qxd7 23. Rd1 Qe7 24. Bg4 Rc7 25. Nb4 Nxb4 26. axb4 Qf8 27. Bf3 a6 28. Qd3 Bf6 29. Qf5 Qe7 30. g3 g6 31. Qd3 Kg7 32. Kg2 h5 33. h4 Qe6 34. Qe4 a5 35. bxa5 Be7 36. Rd5 f6 37. Qb4 Qc8 38. Qd2 Bxc5 39. Rd8 Qe6 40. Bd5 Qe7 41. Bb3 f5 42. Qd5 Qf6 43. f3 e4 44. f4 Qb2+ 45. Kh3 Qa1 46. Bd1 Qf6 47. Bb3 Qa1 48. Bd1 Qf6 49. Re8 Be7 50. Bb3 Qa1 51. Bd1 Qf6 52. Rb8 Qf7 53. Bb3 1/2-1/2

[Event "DSB-Frauenkader-Challenge 2021"]
[Site "Magdeburg"]
[Date "2021.04.06"]
[Round "2.3"]
[White "Lubbe, Melanie"]
[Black "Muetsch, Annmarie"]
[Result "1/2-1/2"]
[ECO "A36"]
[WhiteElo "2274"]
[BlackElo "2266"]
[Annotator "NA"]
[PlyCount "95"]
[EventDate "2021.03.30"]
[EventType "tourn"]
[EventCountry "GER"]
[SourceTitle "playchess.com"]
[Source "ChessBase"]
[SourceQuality "1"]
[TimeControl "40/5400+30:1800+30"]

1. c4 Nf6 2. g3 d6 3. Bg2 g6 4. Nc3 Bg7 5. e4 c5 6. Nge2 Nc6 7. d3 O-O 8. O-O Bg4 9. f3 Bd7 10. h3 Rb8 11. f4 a6 12. a4 Ne8 13. g4 Nd4 14. Nxd4 Bxd4+ 15. Kh1 e6 16. Qe2 b5 17. axb5 axb5 18. cxb5 Bxb5 19. f5 Bc6 20. Bh6 Bg7 21. Bxg7 Kxg7 22. Rf2 e5 23. Raf1 f6 24. fxg6 hxg6 $11 25. g5 Rb7 26. Qg4 Rbf7 27. h4 fxg5 28. Rxf7+ Rxf7 29. hxg5 Rxf1+ 30. Bxf1 Nc7 31. Bh3 Nb5 32. Ne2 Nc7 33. Kh2 d5 34. Qh4 Qh8 35. Qg3 Qe8 36. exd5 Bxd5 37. Nc3 Bc6 38. Bg2 Bxg2 39. Kxg2 Qe6 40. Qf3 Qe7 41. Qe3 Kf7 42. Kf2 Ne6 43. Qxe5 Qxg5 44. Qxg5 Nxg5 45. Ke3 Ke6 46. d4 cxd4+ 47. Kxd4 Kd6 48. Ne4+ 1/2-1/2

[Event "DSB-Frauenkader-Challenge 2021"]
[Site "Magdeburg"]
[Date "2021.04.06"]
[Round "2.4"]
[White "Bashylina, Luisa"]
[Black "Schneider, Jana"]
[Result "0-1"]
[ECO "C45"]
[WhiteElo "1978"]
[BlackElo "2272"]
[Annotator "NA"]
[PlyCount "104"]
[EventDate "2021.03.30"]
[EventType "tourn"]
[EventCountry "GER"]
[SourceTitle "playchess.com"]
[Source "ChessBase"]
[SourceQuality "1"]
[TimeControl "40/5400+30:1800+30"]

1. e4 e5 2. Nf3 Nc6 3. d4 exd4 4. Nxd4 Bc5 5. Be3 Qf6 6. c3 Nge7 7. Bc4 O-O 8. O-O Ne5 9. Be2 Qg6 10. Nd2 d5 11. Bh5 Qd6 12. f4 N5c6 13. e5 Qh6 14. N2b3 Bb6 15. Qe2 Nxd4 16. Bxd4 Nf5 17. Bxb6 Qxb6+ 18. Kh1 a5 19. Rae1 a4 20. Nd4 Nxd4 21. cxd4 Qxd4 22. f5 Ra6 23. Rc1 c5 24. Rfd1 Qe4 25. Rxc5 Qxf5 26. Rcxd5 $15 Rh6 27. g4 Qf4 28. Rf1 Qg5 29. Bxf7+ Rxf7 30. Rxf7 Be6 31. Rfd7 Qc1+ 32. Qd1 Bxd5+ 33. Rxd5 Rc6 34. e6 Kf8 35. Rd8+ Ke7 36. Rd7+ Kxe6 37. Rd6+ Ke5 38. Rd5+ Kf6 39. Rd6+ Kg5 40. Rd5+ Kh6 41. Rd6+ g6 42. Rd4 b5 43. a3 Qxd1+ 44. Rxd1 Rc2 45. Rb1 Kg5 46. b3 Kxg4 47. bxa4 bxa4 48. Rg1+ Kf4 49. h3 Ra2 50. Rg4+ Kf3 51. Rxa4 Kg3 52. Rg4+ Kxh3 0-1

[Event "DSB-Frauenkader-Challenge 2021"]
[Site "Magdeburg"]
[Date "2021.04.08"]
[Round "4.1"]
[White "Sieber, Fiona"]
[Black "Paehtz, Elisabeth"]
[Result "0-1"]
[ECO "B33"]
[WhiteElo "2275"]
[BlackElo "2467"]
[Annotator "ChessBase"]
[PlyCount "90"]
[EventDate "2021.03.30"]
[EventType "tourn"]
[EventCountry "GER"]
[SourceTitle "playchess.com"]
[Source "ChessBase"]
[SourceQuality "1"]
[TimeControl "40/5400+30:1800+30"]

1. e4 c5 2. Nf3 Nc6 3. d4 cxd4 4. Nxd4 Qb6 5. Nb3 Nf6 6. Nc3 e6 7. Qe2 Bb4 8. Bd2 O-O 9. a3 Be7 10. O-O-O d5 11. e5 Nd7 12. f4 a6 13. h4 Rd8 14. Be3 Qc7 15. h5 b5 16. Rh3 Bf8 17. h6 g6 18. g4 Rb8 19. Bg2 b4 20. axb4 Nxb4 21. Bg1 Nb6 22. Bf1 Bd7 23. Qf2 Rdc8 24. Kb1 Be7 25. Rd2 Nc4 26. Bxc4 Qxc4 27. Rd4 Qc7 28. Qd2 a5 29. Rf3 a4 30. Nc1 Qb7 31. b3 Ra8 32. f5 axb3 33. cxb3 Nc6 34. fxg6 fxg6 35. Rxd5 Nb4 36. Rxd7 Qxf3 37. Rxe7 Rxc3 38. Ba7 Rxb3+ 39. Nxb3 Qxb3+ 40. Qb2 Qd3+ 41. Ka1 Qd1+ 42. Qb1 Qd4+ 43. Qb2 Rxa7+ 44. Rxa7 Qxa7+ 45. Kb1 Qg1+ 0-1

[Event "DSB-Frauenkader-Challenge 2021"]
[Site "Magdeburg"]
[Date "2021.04.08"]
[Round "4.2"]
[White "Lubbe, Melanie"]
[Black "Ziegenfuss, Antonia"]
[Result "1-0"]
[ECO "A34"]
[WhiteElo "2274"]
[BlackElo "2101"]
[Annotator "NA"]
[PlyCount "77"]
[EventDate "2021.03.30"]
[EventType "tourn"]
[EventCountry "GER"]
[SourceTitle "playchess.com"]
[Source "ChessBase"]
[SourceQuality "1"]
[TimeControl "40/5400+30:1800+30"]

1. c4 c5 2. g3 Nf6 3. Bg2 d5 4. cxd5 Nxd5 5. Nc3 Nc7 6. Nf3 Nc6 7. O-O e5 8. Ne1 Be7 9. Nd3 f6 10. b3 Bg4 11. Bxc6+ bxc6 12. f3 Bf5 13. Nf2 h5 14. d3 g5 15. Bd2 Ne6 16. Rc1 Kf7 17. Nfe4 ({White should play} 17. Na4 $14) 17... Qg8 (17... Bh3 $11) 18. Na4 g4 $11 19. Naxc5 h4 20. Nxe6 hxg3 21. N6g5+ fxg5 22. Nxg3 Qh7 23. Rf2 Bd7 24. fxg4+ Ke8 25. Qc2 c5 26. Qc4 Rc8 27. Qd5 Bxg4 28. Qxe5 Kd7 29. Qd5+ Ke8 30. Bc3 Rg8 31. Rcf1 Rd8 32. Qe5 Bh3 33. Rd1 Rg6 34. Nf5 Bxf5 35. Qxf5 Qg8 36. Rdf1 Rd5 37. Qc8+ Rd8 38. Qg4 Qd5 39. Rf3 1-0

[Event "DSB-Frauenkader-Challenge 2021"]
[Site "Magdeburg"]
[Date "2021.04.08"]
[Round "4.3"]
[White "Bashylina, Luisa"]
[Black "Heinemann, Josefine"]
[Result "1-0"]
[ECO "B53"]
[WhiteElo "1978"]
[BlackElo "2296"]
[Annotator "NA"]
[PlyCount "109"]
[EventDate "2021.03.30"]
[EventType "tourn"]
[EventCountry "GER"]
[SourceTitle "playchess.com"]
[Source "ChessBase"]
[SourceQuality "1"]
[TimeControl "40/5400+30:1800+30"]

1. e4 c5 2. Nf3 d6 3. d4 cxd4 4. Qxd4 Nc6 5. Bb5 Bd7 6. Bxc6 Bxc6 7. Nc3 Nf6 8. Bg5 e6 9. Qd3 Be7 10. Nd4 Qa5 11. f4 Bxe4 12. Qb5+ Qxb5 13. Ndxb5 Bxg2 14. Rg1 Bc6 15. Nc7+ Kd7 16. Nxa8 Rxa8 17. O-O-O g6 18. Rd3 Ne4 19. Nxe4 Bxe4 20. Rd4 Bc6 21. Rgd1 (21. Bxe7 $11 Kxe7 22. Kd2) 21... f6 22. Bh6 Rg8 23. h4 Rc8 24. c3 Bd5 $17 25. Rg1 Bf3 26. Rg3 Bh5 27. Kc2 Rc5 28. Ra4 a6 29. Rb4 b5 30. a4 Be2 31. axb5 Bxb5 32. f5 Rxf5 33. c4 Bc6 34. Bd2 Kc7 35. Be3 Re5 36. Bb6+ Kd7 37. Ra3 d5 38. c5 Re2+ 39. Kd1 Rh2 40. Rxa6 e5 41. Ra7+ Ke6 42. Rc7 Be8 43. Ba7 Bf8 44. Rc8 Kd7 45. Rbb8 Bh6 46. Rxe8 d4 47. Rh8 Be3 48. Rb6 Rxh4 49. Rd6+ Kc7 50. Rf8 e4 51. Rf7+ Kc8 52. Bb6 Rh1+ 53. Kc2 d3+ 54. Kb3 d2 55. Rd8# 1-0

[Event "DSB-Frauenkader-Challenge 2021"]
[Site "Magdeburg"]
[Date "2021.04.08"]
[Round "4.4"]
[White "Schneider, Jana"]
[Black "Muetsch, Annmarie"]
[Result "0-1"]
[ECO "C41"]
[WhiteElo "2272"]
[BlackElo "2266"]
[Annotator "NA"]
[PlyCount "96"]
[EventDate "2021.03.30"]
[EventType "tourn"]
[EventCountry "GER"]
[SourceTitle "playchess.com"]
[Source "ChessBase"]
[SourceQuality "1"]
[TimeControl "40/5400+30:1800+30"]

1. e4 d6 2. d4 Nf6 3. Nc3 Nbd7 4. Nf3 e5 5. Bc4 Be7 6. O-O c6 7. a4 Qc7 8. Re1 h6 9. Ba2 Nf8 10. Qe2 Ng6 11. h3 O-O 12. Be3 Nh5 13. Qc4 Bd8 (13... Be6 $5 14. Qf1 Bxa2 15. Rxa2 Nf6 $11) 14. Rad1 Nhf4 15. d5 c5 16. Nb5 (16. Ne2 $11 {keeps the balance.}) 16... Qd7 17. Nxd6 $19 Qxd6 18. Bxc5 Qf6 19. Re3 Bd7 20. Qb4 b6 21. Bxf8 Nxf8 22. Qc3 N8g6 23. d6 Rc8 24. Qb3 Rc5 25. Rd2 Nf8 26. h4 N8e6 27. g3 Nh5 28. Rd5 Bc6 29. Rxc5 bxc5 30. Qb8 Nhf4 31. Nxe5 Nh3+ 32. Kg2 Qxf2+ 33. Kxh3 Nf4+ 34. gxf4 Qxe3+ 35. Kh2 Qf2+ 36. Kh3 Qxh4+ 37. Kg2 Bxe4+ 38. Kf1 Kh7 39. Bxf7 Qxf4+ 40. Ke2 Qxe5 41. Qxd8 Bg6+ 42. Kd2 Bxf7 43. Qc7 Qd4+ 44. Ke2 Bh5+ 45. Kf1 Qf4+ 46. Kg1 Be2 47. Kg2 Qf3+ 48. Kh2 Bf1 0-1

[Event "DSB-Frauenkader-Challenge 2021"]
[Site "Magdeburg"]
[Date "2021.04.09"]
[Round "5.2"]
[White "Heinemann, Josefine"]
[Black "Schneider, Jana"]
[Result "1/2-1/2"]
[ECO "C78"]
[WhiteElo "2296"]
[BlackElo "2272"]
[Annotator "NA"]
[PlyCount "88"]
[EventDate "2021.03.30"]
[EventType "tourn"]
[EventCountry "GER"]
[SourceTitle "playchess.com"]
[Source "ChessBase"]
[SourceQuality "1"]
[TimeControl "40/5400+30:1800+30"]

1. e4 e5 2. Nf3 Nc6 3. Bb5 a6 4. Ba4 Nf6 $11 5. O-O b5 6. Bb3 Bc5 7. a4 Rb8 8. c3 d6 9. d4 Bb6 10. a5 Ba7 11. h3 O-O 12. Be3 exd4 13. cxd4 Nb4 14. Nc3 Bb7 15. Ng5 Qe8 16. e5 Nfd5 17. Nxd5 Nxd5 18. Qc2 g6 19. Bxd5 Bxd5 20. Qxc7 Qc6 21. Qxc6 Bxc6 22. Rac1 Rbc8 23. exd6 Rfd8 24. Rc2 Bd5 25. Rfc1 Rc4 26. Nf3 Rxd6 27. Ne5 Rxc2 28. Rxc2 Kg7 29. Rc7 Bb8 30. Rc8 Ba7 31. Ng4 g5 32. Bxg5 Bxd4 33. Bf4 Rd7 34. Be5+ Bxe5 35. Nxe5 Re7 36. f4 f6 37. Rd8 Bxg2 38. Kxg2 fxe5 39. Rd6 exf4 40. Rxa6 Re2+ 41. Kf3 Rxb2 42. Rb6 b4 43. a6 Ra2 44. Rxb4 Rxa6 1/2-1/2

[Event "DSB-Frauenkader-Challenge 2021"]
[Site "Magdeburg"]
[Date "2021.04.09"]
[Round "5.3"]
[White "Ziegenfuss, Antonia"]
[Black "Bashylina, Luisa"]
[Result "1/2-1/2"]
[ECO "D00"]
[WhiteElo "2101"]
[BlackElo "1978"]
[Annotator "NA"]
[PlyCount "51"]
[EventDate "2021.03.30"]
[EventType "tourn"]
[EventCountry "GER"]
[SourceTitle "playchess.com"]
[Source "ChessBase"]
[SourceQuality "1"]
[TimeControl "40/5400+30:1800+30"]

1. d4 Nf6 2. Nc3 d5 3. Bf4 a6 4. e3 c5 5. h3 Nc6 6. Nf3 e6 7. Be2 b5 8. O-O Be7 9. a4 b4 10. Nb1 O-O 11. Nbd2 Bb7 12. c3 Rc8 13. Bd3 bxc3 14. bxc3 cxd4 15. cxd4 Nb4 16. Be2 Ne4 17. Nxe4 dxe4 18. Ne1 Nd5 19. Bh2 Nc3 20. Qd2 Qb6 21. f4 Bd5 22. Rf2 Nb1 23. Qd1 Nc3 24. Qd2 Nb1 25. Qd1 Nc3 26. Qd2 1/2-1/2

[Event "DSB-Frauenkader-Challenge 2021"]
[Site "Magdeburg"]
[Date "2021.04.09"]
[Round "5.4"]
[White "Paehtz, Elisabeth"]
[Black "Lubbe, Melanie"]
[Result "1/2-1/2"]
[ECO "E62"]
[WhiteElo "2467"]
[BlackElo "2274"]
[Annotator "ChessBase"]
[PlyCount "112"]
[EventDate "2021.03.30"]
[EventType "tourn"]
[EventCountry "GER"]
[SourceTitle "playchess.com"]
[Source "ChessBase"]
[SourceQuality "1"]
[TimeControl "40/5400+30:1800+30"]

1. d4 Nf6 2. Nf3 g6 3. c4 Bg7 4. g3 O-O 5. Bg2 d6 6. Nc3 c6 7. O-O Bf5 8. Ne1 Be6 9. d5 cxd5 10. cxd5 Bd7 11. Nd3 Na6 12. Bf4 Qa5 13. Qd2 Rfc8 14. Rfc1 Qd8 15. e4 Nc5 16. h3 Nxd3 17. Qxd3 Be8 18. Be3 Nd7 19. Qe2 Qa5 20. Nb5 Nc5 21. Nd4 Qa6 22. Qxa6 Nxa6 23. Bf1 Nc5 24. f3 Bd7 25. Rab1 Na4 26. Kg2 Rc5 27. Ne2 Rxc1 28. Rxc1 Bxb2 29. Rc7 Bb5 30. Rxb7 a6 31. Nd4 Nc3 32. Nc6 e6 33. dxe6 fxe6 34. Nd4 Rc8 35. Bxb5 axb5 36. Nxb5 Nxb5 37. Rxb5 Rc2+ 38. Kf1 Bc1 39. Rb8+ Kf7 40. Rb7+ Kg8 41. Bxc1 Rxc1+ 42. Kf2 Rc2+ 43. Ke3 Rxa2 44. Kf4 Ra3 45. Rd7 Rd3 46. Kg4 e5 47. f4 exf4 48. gxf4 Re3 49. Re7 h6 50. h4 Kf8 51. Rd7 Rxe4 52. Rxd6 Kg7 53. Rd7+ Kf6 54. Rd6+ Kg7 55. Rd7+ Kf6 56. Rd6+ Kg7 1/2-1/2

[Event "DSB-Frauenkader-Challenge 2021"]
[Site "Magdeburg"]
[Date "2021.04.10"]
[Round "6.1"]
[White "Sieber, Fiona"]
[Black "Lubbe, Melanie"]
[Result "0-1"]
[ECO "B45"]
[WhiteElo "2275"]
[BlackElo "2274"]
[Annotator "NA"]
[PlyCount "92"]
[EventDate "2021.03.30"]
[EventType "tourn"]
[EventCountry "GER"]
[SourceTitle "playchess.com"]
[Source "ChessBase"]
[SourceQuality "1"]
[TimeControl "40/5400+30:1800+30"]

1. e4 c5 2. Nf3 e6 3. d4 cxd4 4. Nxd4 Nf6 5. Nc3 Nc6 6. Nxc6 bxc6 7. e5 Nd5 8. Ne4 Qc7 9. f4 Qb6 10. c4 Ne3 11. Qd3 Bb4+ 12. Bd2 Ba6 13. b3 O-O 14. Bxb4 Qxb4+ 15. Kf2 Nd5 16. Qf3 {[%emt 0:25:13] [#]} f5 $1 17. Nd6 $17 g5 18. Rd1 Qc5+ 19. Kg3 Nxf4 20. h4 Qxe5 21. hxg5 Nd5+ 22. Kf2 Nc3 23. Qh5 Nxd1+ 24. Qxd1 Qf4+ 25. Ke1 Qg3+ 26. Ke2 Qxg5 27. Rh3 e5 28. Kf2 Kh8 29. Kg1 Rf6 30. b4 Qg6 31. Rd3 Rb8 32. Qe1 Re6 33. b5 cxb5 34. cxb5 Bb7 35. Qc3 Be4 36. Rg3 Qf6 37. Qc7 Rf8 38. Nc4 f4 39. Rh3 d5 40. Nd2 Re7 41. Qc5 Qb6 42. Nxe4 dxe4 43. Qxb6 axb6 44. Rh6 e3 45. Rxb6 e4 46. Bc4 f3 0-1

[Event "DSB-Frauenkader-Challenge 2021"]
[Site "Magdeburg"]
[Date "2021.04.10"]
[Round "6.3"]
[White "Schneider, Jana"]
[Black "Ziegenfuss, Antonia"]
[Result "1-0"]
[ECO "B22"]
[WhiteElo "2272"]
[BlackElo "2101"]
[Annotator "NA"]
[PlyCount "61"]
[EventDate "2021.03.30"]
[EventType "tourn"]
[EventCountry "GER"]
[SourceTitle "playchess.com"]
[Source "ChessBase"]
[SourceQuality "1"]
[TimeControl "40/5400+30:1800+30"]

1. e4 c5 2. Nf3 e6 3. c3 Nf6 4. e5 Nd5 5. Bc4 Nb6 $14 6. Bb3 d6 7. exd6 Bxd6 8. d4 Nc6 9. O-O O-O 10. Re1 cxd4 11. cxd4 Nd5 12. Nc3 Nxc3 13. bxc3 Qc7 14. Bc2 g6 15. Bh6 Rd8 16. Qe2 Bf4 17. Bg5 Bxg5 18. Nxg5 Qf4 19. Ne4 b6 20. g3 Qc7 21. Qg4 f5 22. Nf6+ Kf7 23. Qh4 h6 24. d5 Na5 25. dxe6+ Bxe6 26. Qxh6 Qxc3 27. Nh7 Bd5 28. Bxf5 gxf5 29. Rac1 Re8 30. Ng5+ Kg8 31. Qg6+ 1-0